 Dungeon Crawl Stone Soup version 0.22.1-1-ga44c0e5 (webtiles) character file.

75 Stormphoenix the Poker (level 4, -1/39 HPs)
             Began as a Naga Gladiator on Nov 3, 2018.
             Slain by a worker ant (4 damage)
             ... on level 3 of the Dungeon.
             The game lasted 00:05:04 (2153 turns).

Stormphoenix the Poker (Naga Gladiator)             Turns: 2153, Time: 00:05:05

Health: -1/39      AC:  4    Str: 15 (16) XL:     4   Next: 31%
Magic:  4/4        EV: 10    Int:  6 (9)  God:
Gold:   53         SH:  0    Dex: 11 (13) Spells: 3/3 levels left

rFire    . . .     SeeInvis +   b - +2 mace (drain)
rCold    . . .     Gourm    .   (no shield)
rNeg     . . .     Faith    .   e - +0 robe
rPois    +         Spirit   .   i - +2 hat
rElec    .         Reflect  .   (no cloak)
rCorr    .         Harm     .   (no gloves)
MR       .....                  (no barding)
Stlth    ++........             (no amulet)
HPRegen  0.13/turn              (no ring)
MPRegen  0.09/turn              (no ring)

@: very slow
A: large, see invisible, deformed body, poison resistance, slowness 2, slow
metabolism 1, spit poison 1, AC +1
a: Spit Poison


You were on level 3 of the Dungeon.
You were not hungry.

You visited 1 branch of the dungeon, and saw 3 of its levels.

You collected 53 gold pieces.

Inventory:

Hand Weapons
 a - a +1 trident
 b - a +2 mace of draining (weapon)
Missiles
 d - 3 throwing nets (quivered)
Armour
 e - a +0 robe (worn)
 i - a +2 hat (worn)
Scrolls
 k - 3 scrolls of identify
Potions
 j - a potion of curing
Comestibles
 f - 2 rations


   Skills:
 - Level 2.0 Fighting
 + Level 0.8 Maces & Flails
 - Level 4.6 Polearms
 - Level 1.7 Throwing
 - Level 2.4 Dodging
 - Level 2.0 Stealth


You had 3 spell levels left.
You didn't know any spells.
Your spell library was empty.

Dungeon Overview and Level Annotations

Branches:
Dungeon (3/15)

Altars:
The Shining One


Innate Abilities, Weirdness & Mutations

You cannot wear boots.
Your serpentine skin is tough. (AC +1)
You have supernaturally acute eyesight. (SInv)
Armour fits poorly on your strangely shaped body.
Your system is resistant to poisons. (rPois)
You cover ground very slowly.
You have a slow metabolism.
You can spit poison.


Message History

You hear a shout!
You feel better. The adder bites you. The orc hits you with a trident.
You hit the orc priest.
The orc priest is lightly wounded.
The adder barely misses you. The adder bites you.
* * * LOW HITPOINT WARNING * * *
The orc priest completely misses you. The orc hits you with a trident.
* * * LOW HITPOINT WARNING * * *
The worker ant waves its antennae.
You closely miss the adder. The adder completely misses you.
The orc suddenly cheers.
The orc priest misses you. The orc barely misses you.
The adder bites you but does no damage.
Unknown command.
You sock the adder! You drain the adder!
You kill the adder!
The orc priest hits you with a whip.
* * * LOW HITPOINT WARNING * * *
The worker ant bites you.
You die...

...#..........#
#.#..........#
#.#.........#..#
........###........
..........'.....#..
........###.....#
...###### #.....#
.. #.ooo.# .
##+#@## #a####
#oo..# .....o..##.#
.o......# #
o.......# .o......#
o..#..... ...#.###.


You could see a worker ant, an orc priest and 4 orcs.

Vanquished Creatures
  2 adders
  A dart slug (D:1)
  2 leopard geckos (D:2)
  3 giant cockroaches
  9 goblins
  7 hobgoblins
  3 jackals (D:1)
  A quokka (D:2)
  A ball python (D:2)
  6 bats (D:1)
  5 frilled lizards
  6 kobolds (D:1)
  6 rats
52 creatures vanquished.

Notes
Turn   | Place    | Note
-------+----------+-------------------------------------------
     0 | D:1      | Stormphoenix the Naga Gladiator began the quest for the
                  | Orb.
     0 | D:1      | Reached XP level 1. HP: 19/19 MP: 1/1
   107 | D:1      | Reached XP level 2. HP: 26/26 MP: 2/2
   533 | D:1      | Reached skill level 1 in Stealth
   825 | D:1      | Reached skill level 4 in Polearms
   825 | D:1      | Reached XP level 3. HP: 29/32 MP: 3/3
  1654 | D:2      | Reached XP level 4. HP: 29/39 MP: 4/4
  1727 | D:2      | Found a glowing golden altar of the Shining One.
  2153 | D:3      | Slain by a worker ant

Skill      XL: |  1  2  3 |
---------------+----------+-----
Stealth        | 1 2 |  2.0
Polearms       | 4 |  4.6
Fighting       | |  2.0
Maces & Flails | |  0.8
Throwing       | |  1.7
Dodging        | |  2.4

Action                   |  1- 3 |  4- 6 || total
-------------------------+-------+-------++-------
Melee: Trident           |   112 |    19 ||   131
       Mace              |       |    17 ||    17
  Use: Scroll            |     3 |     4 ||     7
       Potion            |     2 |     1 ||     3
 Stab: Sleeping          |     4 |       ||     4
  Eat: Chunk             |     2 |     1 ||     3
Armor: Robe              |    28 |    18 ||    46
Dodge: Dodged            |    59 |    28 ||    87
